EVO
UNIVERSITY OF MICHIGAN WOLVERINES @ CLEMSON UNIVERSITY TIGERS
10/13/2045
 
TOP OF THE 1ST
University of Michigan Wolverines batting - Pitching for Clemson University Tigers : RHP Dave Vandehey
Pitching: RHP Dave Vandehey
Batting: LHB Dave Carlisle 0-0: Ground out 4-3 (Groundball, 4S, EV 84.4 MPH)
Batting: LHB Afanasy Zasekin 0-0: Ball
1-0: Fly out, F7 (Flyball, 7S, EV 88.1 MPH)
Batting: RHB Ricky Yerzy 0-0: Foul Ball, location: 2F
0-1: Ball
1-1: Ball
2-1: Ball
3-1: Ground out 5-3 (Groundball, 5S, EV 90.0 MPH)
Top of the 1st over - 0 runs, 0 hits, 0 errors, 0 left on base; University of Michigan 0 - Clemson University 0
BOTTOM OF THE 1ST
Clemson University Tigers batting - Pitching for University of Michigan Wolverines : LHP Jon Lawson
Pitching: LHP Jon Lawson
Batting: RHB Willie Rubio 0-0: Called Strike
0-1: Ball
1-1: Ball
2-1: Ground out 6-3 (Groundball, 6, EV 85.0 MPH)
Batting: RHB Bartolo Aguilar 0-0: Called Strike
0-1: Foul Ball, location: 2F
0-2: Ball
1-2: Ball
2-2: Fly out, F4 (Flyball, 4D, EV 83.8 MPH)
Batting: RHB Kenny Ball 0-0: Ground out 4-3 (Groundball, 4, EV 83.1 MPH)
Bottom of the 1st over - 0 runs, 0 hits, 0 errors, 0 left on base; University of Michigan 0 - Clemson University 0
TOP OF THE 2ND
University of Michigan Wolverines batting - Pitching for Clemson University Tigers : RHP Dave Vandehey
Batting: RHB Kiichi Matsumoto 0-0: Ball
1-0: Foul Ball, location: 2F
1-1: Foul Ball, location: 2F
1-2: Foul Ball, location: 2F
1-2: Ground out 6-3 (Groundball, 6M, EV 85.6 MPH)
Batting: RHB Xiao-shuang Au 0-0: Ball
1-0: Foul Ball, location: 2F
1-1: Ball
2-1: Fly out, F8 (Line Drive, 8LM, EV 91.9 MPH)
Batting: LHB Ken Morehead 0-0: Called Strike
0-1: Called Strike
0-2: Ball
1-2: Strikes out swinging, 2-3 out at first.
Top of the 2nd over - 0 runs, 0 hits, 0 errors, 0 left on base; University of Michigan 0 - Clemson University 0
BOTTOM OF THE 2ND
Clemson University Tigers batting - Pitching for University of Michigan Wolverines : LHP Jon Lawson
Batting: RHB Jon Solis 0-0: Ball
1-0: Ball
2-0: Called Strike
2-1: Foul Ball, location: 2F
2-2: Ball
3-2: Ground out 5-3 (Groundball, 5, EV 83.1 MPH)
Batting: LHB Armando Arellano 0-0: Called Strike
0-1: Called Strike
0-2: Ball
1-2: Ball
2-2: Foul Ball, location: 2F
2-2: SINGLE (Groundball, 34D, EV 108.8 MPH)
Batting: RHB Luis Cruz 0-0: Grounds into double play, 5-4-3 (Groundball, 56, EV 87.5 MPH)
Bottom of the 2nd over - 0 runs, 1 hit, 0 errors, 0 left on base; University of Michigan 0 - Clemson University 0
TOP OF THE 3RD
University of Michigan Wolverines batting - Pitching for Clemson University Tigers : RHP Dave Vandehey
Batting: LHB Dusty Bryant 0-0: Foul Ball, location: 2F
0-1: Foul Ball, location: 2F
0-2: Ground out 6-3 (Groundball, 6M, EV 106.9 MPH)
Batting: RHB Kazuki Arai 0-0: Ball
1-0: Foul Ball, location: 2F
1-1: Called Strike
1-2: Ball
2-2: Ball
3-2: Ground out 6-3 (Groundball, 6, EV 110.6 MPH)
Batting: RHB Justin Young 0-0: Foul Ball, location: 2F
0-1: Ball
1-1: Ball
2-1: Fly out, F3 (Popup, 3, EV 61.2 MPH)
Top of the 3rd over - 0 runs, 0 hits, 0 errors, 0 left on base; University of Michigan 0 - Clemson University 0
BOTTOM OF THE 3RD
Clemson University Tigers batting - Pitching for University of Michigan Wolverines : LHP Jon Lawson
Batting: LHB Alex Chairez 0-0: DOUBLE (Line Drive, 7LS, EV 106.9 MPH)
Batting: RHB Lao-che Zhu 0-0: Called Strike
0-1: Ball
1-1: Called Strike
1-2: Foul Ball, location: 2F
1-2: Foul Ball, location: 2F
1-2: SINGLE (Groundball, 34D, EV 94.4 MPH)
Alex Chairez to third
Runner from 3rd tries for Home, SAFE, throw by RF to home
Batting: LHB Ivan Castillo 0-0: Called Strike
0-1: Called Strike
0-2: Ball
1-2: Strikes out swinging
Batting: RHB Willie Rubio 0-0: Called Strike
0-1: Ball
1-1: Grounds into double play, 4-6-3 (Groundball, 4, EV 97.5 MPH)
Bottom of the 3rd over - 1 run, 2 hits, 0 errors, 0 left on base; University of Michigan 0 - Clemson University 1
TOP OF THE 4TH
University of Michigan Wolverines batting - Pitching for Clemson University Tigers : RHP Dave Vandehey
Batting: LHB Dave Carlisle 0-0: Ball
1-0: Swinging Strike
1-1: Ball
2-1: Called Strike
2-2: Strikes out looking
Batting: LHB Afanasy Zasekin 0-0: Ground out 6-3 (Groundball, 4, EV 90.0 MPH)
Batting: RHB Ricky Yerzy 0-0: Called Strike
0-1: Ball
1-1: Foul Ball, location: 2F
1-2: Ball
2-2: Foul Ball, location: 2F
2-2: Ball
3-2: Fly out, F9 (Flyball, 9D, EV 108.1 MPH)
Top of the 4th over - 0 runs, 0 hits, 0 errors, 0 left on base; University of Michigan 0 - Clemson University 1
BOTTOM OF THE 4TH
Clemson University Tigers batting - Pitching for University of Michigan Wolverines : LHP Jon Lawson
Batting: RHB Bartolo Aguilar 0-0: Called Strike
0-1: Swinging Strike
0-2: Ball
1-2: Strikes out swinging
Batting: RHB Kenny Ball 0-0: Called Strike
0-1: Ball
1-1: Fly out, F7 (Flyball, 8LS, EV 89.4 MPH)
Batting: RHB Jon Solis 0-0: Ball
1-0: Swinging Strike
1-1: Foul Ball, location: 2F
1-2: Ball
2-2: Ground out 4-3 (Groundball, 4, EV 82.5 MPH)
Bottom of the 4th over - 0 runs, 0 hits, 0 errors, 0 left on base; University of Michigan 0 - Clemson University 1
TOP OF THE 5TH
University of Michigan Wolverines batting - Pitching for Clemson University Tigers : RHP Dave Vandehey
Batting: RHB Kiichi Matsumoto 0-0: Called Strike
0-1: SOLO HOME RUN (Flyball, 89XD, EV 100.0 MPH), Distance : 409 ft
Batting: RHB Xiao-shuang Au 0-0: Called Strike
0-1: Swinging Strike
0-2: Ground out 6-3 (Groundball, 6, EV 100.6 MPH)
Batting: LHB Ken Morehead 0-0: Swinging Strike
0-1: Ball
1-1: Fly out, F7 (Flyball, 7S, EV 81.9 MPH)
Batting: LHB Dusty Bryant 0-0: Called Strike
0-1: Called Strike
0-2: Foul Ball, location: 2F
0-2: Ball
1-2: Foul Ball, location: 2F
1-2: Ball
2-2: Ball
3-2: Fly out, F9 (Flyball, 9, EV 78.1 MPH)
Top of the 5th over - 1 run, 1 hit, 0 errors, 0 left on base; University of Michigan 1 - Clemson University 1
BOTTOM OF THE 5TH
Clemson University Tigers batting - Pitching for University of Michigan Wolverines : LHP Jon Lawson
Batting: LHB Armando Arellano 0-0: Ball
1-0: Called Strike
1-1: Called Strike
1-2: Foul Ball, location: 2F
1-2: Fly out, F3 (Popup, 3F, EV 66.9 MPH)
Batting: RHB Luis Cruz 0-0: Ball
1-0: Foul Ball, location: 2F
1-1: Ball
2-1: SINGLE (Groundball, 6S, EV 75.6 MPH) (infield hit)
Batting: LHB Alex Chairez 0-0: Fly out, F8 (Flyball, 89D, EV 93.8 MPH)
Batting: RHB Lao-che Zhu 0-0: Ball
1-0: Ball
Luis Cruz steals 2nd base
2-0: Ball
3-0: Base on Balls
Batting: LHB Ivan Castillo 0-0: Called Strike
0-1: Called Strike
0-2: Ball
1-2: SINGLE (Groundball, P, EV 88.8 MPH) (infield hit)
Luis Cruz to third
Lao-che Zhu to second
Batting: RHB Willie Rubio 0-0: Ball
1-0: Foul Ball, location: 2F
1-1: Ball
2-1: Foul Ball, location: 2F
2-2: Ground out 6-3 (Groundball, 6MS, EV 84.4 MPH)
Bottom of the 5th over - 0 runs, 2 hits, 0 errors, 3 left on base; University of Michigan 1 - Clemson University 1
TOP OF THE 6TH
University of Michigan Wolverines batting - Pitching for Clemson University Tigers : RHP Dave Vandehey
Batting: RHB Kazuki Arai 0-0: Called Strike
0-1: Foul Ball, location: 2F
0-2: Strikes out looking
Batting: RHB Justin Young 0-0: Fly out, F7 (Line Drive, 7, EV 92.5 MPH)
Batting: LHB Dave Carlisle 0-0: Ball
1-0: Swinging Strike
1-1: Called Strike
1-2: Foul Ball, location: 2F
1-2: Foul Ball, location: 2F
1-2: Strikes out swinging
Top of the 6th over - 0 runs, 0 hits, 0 errors, 0 left on base; University of Michigan 1 - Clemson University 1
BOTTOM OF THE 6TH
Clemson University Tigers batting - Pitching for University of Michigan Wolverines : LHP Jon Lawson
Batting: RHB Bartolo Aguilar 0-0: Called Strike
0-1: Foul Ball, location: 2F
0-2: Ball
1-2: Fly out, F8 (Flyball, 78D, EV 108.8 MPH)
Batting: RHB Kenny Ball 0-0: Called Strike
0-1: Ball
1-1: Fly out, F9 (Flyball, 9S, EV 84.4 MPH)
Batting: RHB Jon Solis 0-0: Called Strike
0-1: Foul Ball, location: 2F
0-2: Strikes out swinging
Bottom of the 6th over - 0 runs, 0 hits, 0 errors, 0 left on base; University of Michigan 1 - Clemson University 1
TOP OF THE 7TH
University of Michigan Wolverines batting - Pitching for Clemson University Tigers : RHP Dave Vandehey
Batting: LHB Afanasy Zasekin 0-0: Ball
1-0: Ball
2-0: Fly out, F8 (Flyball, 89D, EV 100.6 MPH)
Batting: RHB Ricky Yerzy 0-0: Swinging Strike
0-1: Ground out 6-3 (Groundball, 6, EV 95.6 MPH)
Batting: RHB Kiichi Matsumoto 0-0: Ball
1-0: Fly out, F9 (Flyball, 9D, EV 95.0 MPH)
Top of the 7th over - 0 runs, 0 hits, 0 errors, 0 left on base; University of Michigan 1 - Clemson University 1
BOTTOM OF THE 7TH
Clemson University Tigers batting - Pitching for University of Michigan Wolverines : LHP Jon Lawson
Batting: LHB Armando Arellano 0-0: Ball
1-0: Swinging Strike
1-1: Swinging Strike
1-2: Ball
2-2: Strikes out swinging
Batting: RHB Luis Cruz 0-0: SINGLE (Flyball, 8RM, EV 95.0 MPH)
Batting: LHB Alex Chairez 0-0: Called Strike
0-1: SINGLE (Line Drive, 9LS, EV 91.9 MPH)
Luis Cruz to second
Runner from 2nd tries for 3rd, SAFE, throw by RF made to third
Pinch Hitting: RHB Kirk Cully 0-0: Ball
1-0: Ball
2-0: Swinging Strike
2-1: Called Strike
2-2: Foul Ball, location: 2F
2-2: Strikes out swinging
Batting: LHB Ivan Castillo Pickoff Throw to First - Out! 1-3
Bottom of the 7th over - 0 runs, 2 hits, 0 errors, 1 left on base; University of Michigan 1 - Clemson University 1
TOP OF THE 8TH
University of Michigan Wolverines batting - Pitching for Clemson University Tigers : RHP Dave Vandehey
Pitching: RHP Frank Emery
Now at 3B: Manny Balderas
Pinch Hitting: RHB Alain Marquet 0-0: Swinging Strike
0-1: Ball
1-1: Fly out, F8 (Flyball, 8RD, EV 85.0 MPH)
Batting: LHB Ken Morehead 0-0: Ball
1-0: Foul Ball, location: 2F
1-1: Foul Ball, location: 2F
1-2: Strikes out swinging
Batting: LHB Dusty Bryant 0-0: Called Strike
0-1: Foul Ball, location: 2F
0-2: Foul Ball, location: 2F
0-2: Ball
1-2: Fly out, F7 (Flyball, 7S, EV 86.9 MPH)
Top of the 8th over - 0 runs, 0 hits, 0 errors, 0 left on base; University of Michigan 1 - Clemson University 1
BOTTOM OF THE 8TH
Clemson University Tigers batting - Pitching for University of Michigan Wolverines : LHP Jon Lawson
Now at 3B: Alain Marquet
Batting: LHB Ivan Castillo 0-0: Ball
1-0: Called Strike
1-1: Foul Ball, location: 2F
1-2: Ball
2-2: Ground out U3 (Groundball, 3, EV 88.1 MPH)
Pinch Hitting: RHB Jimmy McIntosh 0-0: Ball
1-0: SINGLE (Groundball, 34D, EV 98.1 MPH)
Pinch Runner at 1st Joaquin Salazar:
Batting: RHB Bartolo Aguilar 0-0: Called Strike
Joaquin Salazar steals 2nd base (no throw)
0-1: Swinging Strike
0-2: Ball
1-2: Ball
2-2: Ball
3-2: Intentional Walk
Pitching: LHP Bryan Payne
Batting: RHB Kenny Ball 0-0: Ball
1-0: Called Strike
1-1: Ball
2-1: Foul Ball, location: 2F
2-2: Grounds into double play, 5-4-3 (Groundball, 5, EV 85.6 MPH)
Bottom of the 8th over - 0 runs, 1 hit, 0 errors, 1 left on base; University of Michigan 1 - Clemson University 1
TOP OF THE 9TH
University of Michigan Wolverines batting - Pitching for Clemson University Tigers : RHP Frank Emery
Now in CF: Joaquin Salazar
Batting: RHB Kazuki Arai 0-0: Called Strike
0-1: Ball
1-1: Foul Ball, location: 2F
1-2: Ball
2-2: Ball
3-2: Strikes out swinging
Pinch Hitting: SHB Corey Penson 0-0: Ball
1-0: Called Strike
1-1: Ball
2-1: Ground out 4-3 (Groundball, 4M, EV 104.4 MPH)
Batting: LHB Dave Carlisle 0-0: Ball
1-0: Called Strike
1-1: Swinging Strike
1-2: Ball
2-2: Ball
3-2: Base on Balls
Pitching: RHP Trent Murdock
Pinch Hitting: RHB Mike Bearden 0-0: Fly out, F9 (Flyball, 9, EV 91.9 MPH)
Top of the 9th over - 0 runs, 0 hits, 0 errors, 1 left on base; University of Michigan 1 - Clemson University 1
BOTTOM OF THE 9TH
Clemson University Tigers batting - Pitching for University of Michigan Wolverines : LHP Bryan Payne
Now at C: Bryan Castor
Now in RF: Mike Bearden
Batting: RHB Jon Solis 0-0: Called Strike
0-1: Foul Ball, location: 2F
0-2: Ball
1-2: Ball
2-2: Foul Ball, location: 2F
2-2: Ball
3-2: Strikes out swinging
Batting: LHB Armando Arellano 0-0: Swinging Strike
0-1: Swinging Strike
0-2: Strikes out swinging
Batting: RHB Luis Cruz 0-0: Called Strike
0-1: Fly out, F9 (Flyball, 89S, EV 81.9 MPH)
Bottom of the 9th over - 0 runs, 0 hits, 0 errors, 0 left on base; University of Michigan 1 - Clemson University 1
TOP OF THE 10TH
University of Michigan Wolverines batting - Pitching for Clemson University Tigers : RHP Trent Murdock
Batting: RHB Ricky Yerzy 0-0: Ball
1-0: DOUBLE (Line Drive, 78M, EV 101.9 MPH)
Pinch Hitting: RHB Joe Thomas 0-0: Fly out, F8 (Flyball, 8RM, EV 83.1 MPH)
Batting: RHB Alain Marquet 0-0: Ball
1-0: Called Strike
1-1: Swinging Strike
1-2: Strikes out swinging
Batting: LHB Ken Morehead 0-0: Ball
1-0: Ball
2-0: Called Strike
2-1: DOUBLE (Line Drive, 89D, EV 114.4 MPH)
Ricky Yerzy scores
Batting: LHB Dusty Bryant 0-0: Intentional Walk
Batting: RHB Kazuki Arai 0-0: Called Strike
0-1: Ball
1-1: Ball
2-1: Foul Ball, location: 2F
2-2: Ball
3-2: Foul Ball, location: 2F
3-2: Foul Ball, location: 2F
3-2: Base on Balls
Ken Morehead to third
Dusty Bryant to second
Batting: RHB Bryan Castor 0-0: Foul Ball, location: 2F
0-1: Swinging Strike
0-2: Strikes out looking
Top of the 10th over - 1 run, 2 hits, 0 errors, 3 left on base; University of Michigan 2 - Clemson University 1
BOTTOM OF THE 10TH
Clemson University Tigers batting - Pitching for University of Michigan Wolverines : LHP Bryan Payne
Now in CF: Joe Thomas
Batting: LHB Alex Chairez 0-0: Ground out 6-3 (Groundball, 6, EV 103.8 MPH)
Batting: RHB Manny Balderas 0-0: Ball
1-0: Ball
2-0: Called Strike
2-1: Foul Ball, location: 2F
2-2: Strikes out swinging
Batting: LHB Ivan Castillo 0-0: Ground out 1-3 (Groundball, 23, EV 65.0 MPH)
Bottom of the 10th over - 0 runs, 0 hits, 0 errors, 0 left on base; University of Michigan 2 - Clemson University 1
Wednesday, June 22nd , 2022 - OOTP Baseball 23.4 Build 64